 Dungeon Crawl Stone Soup version 0.27.0-1-g7a089689b8 (webtiles) character file.

Game seed: 4492734468318703836

106573 freelancePsychic the Warrior (level 16, -6/129 HPs)
             Began as a Djinni Artificer on Aug 14, 2021.
             Was the Champion of Makhleb.
             Mangled by a frost giant (10 damage)
             ... in an ice cave.
             The game lasted 01:31:09 (22657 turns).

freelancePsychic the Warrior (Djinni Artificer)    Turns: 22657, Time: 01:31:10

Health: -6/129     AC: 17    Str: 11      XL:     16   Next: 99%
Gold:   1615       EV: 12    Int: 20 (24) God:    Makhleb [******] SH: 10 Dex: 18

rFire    + + .     SeeInvis +   b - staff of conjuration
rCold    + + .     Faith    .   P - +0 kite shield
rNeg     . . .     Spirit   .   m - +0 ice dragon scales
rPois    ∞         Reflect  .   q - +2 helmet {SInv}
rElec    .         Harm     .   n - +1 cloak
rCorr    .         Rampage  .   t - +0 pair of gloves
Will     +....     NoTele   +   (boots unavailable)
Stlth    ..........             i - amulet of regeneration
HPRegen  1.31/turn              U - ring "Plog" {rF+ Int+5 Dex+3}
MPRegen  0.00/turn              Q - ring of protection from cold

@: immobile, flying, very slightly contaminated
A: sickness immunity, fire resistance 2, cold vulnerability 1, float, innate
caster, hp casting, extra vitality 1
a: Renounce Religion, Minor Destruction, Lesser Servant of Makhleb, Major
Destruction, Greater Servant of Makhleb


You were in an ice cave.
You worshipped Makhleb.
Makhleb was exalted by your worship.
You visited 4 branches of the dungeon, and saw 24 of its levels.
You also visited: Bailey, Gauntlet and Ice Cave.

You collected 1890 gold pieces.
You spent 275 gold pieces at shops.

Inventory:

Missiles
 H - a throwing net
Armour
 m - +0 ice dragon scales (worn)
 n - a +1 cloak (worn)
 q - a +2 helmet of see invisible (worn)
 t - a +0 pair of gloves (worn)
 P - a +0 kite shield (worn)
Magical Staves
 b - a staff of conjuration (weapon)
 u - a staff of earth
Jewellery
 i - an amulet of regeneration (around neck)
 y - a +4 ring of evasion
 A - a ring of willpower
 Q - a ring of protection from cold (right hand)
 U - the ring "Plog" (left hand) {rF+ Int+5 Dex+3}
   (You found it on level 13 of the Dungeon)

   [ring of protection from fire]

   Int:       It affects your intelligence (+5).
   Dex:       It affects your dexterity (+3).
   rF:        It protects you from fire.
Wands
 c - a wand of flame (61)
 d - a wand of charming (34)
 f - a wand of paralysis (19)
 o - a wand of digging (4)
 D - a wand of iceblast (39)
 J - a wand of acid (15)
 X - a wand of mindburst (12)
Scrolls
 a - a scroll of vulnerability
 g - a scroll of immolation
 h - a scroll of fog
 j - a scroll of torment
 x - 4 scrolls of amnesia
 B - a scroll of holy word
 C - a scroll of silence
 E - 6 scrolls of teleportation {@r4}
 G - 4 scrolls of enchant weapon
 T - a scroll of blinking
 V - 2 scrolls of enchant armour
 Y - a scroll of brand weapon
Potions
 k - 2 potions of degeneration
 l - 3 potions of brilliance
 p - 4 potions of flight
 r - 7 potions of ambrosia
 s - 2 potions of haste {@q3}
 v - 5 potions of curing {@q1}
 z - 3 potions of resistance {unknown}
 F - 4 potions of cancellation
 I - 5 potions of attraction {unknown}
 L - 3 potions of might
 M - 2 potions of invisibility
 N - 2 potions of magic {unknown}
 O - 5 potions of mutation
 S - a potion of berserk rage {unknown}
 W - 3 potions of lignification {unknown}
Miscellaneous
 e - a piece from Xom's chessboard (15/15)
 K - a phantom mirror
 Z - a condenser vane (inert)


   Skills:
 + Level 16.5 Fighting
 - Level 1.9 Short Blades
 - Level 4.2 Armour
 - Level 12.7 Dodging
 - Level 0.8 Stealth
 + Level 6.9 Shields
 * Level 14.0 Spellcasting
 - Level 3.0 Evocations


You had 18 spell levels left.
You knew the following spells:

 Your Spells              Type           Power      Damage    Failure   Level
a - Beastly Appendage     Tmut           100%       N/A       1%          1
b - Searing Ray           Conj           100%       3d7       1%          2
c - Conjure Flame         Conj/Fire      81%        6-21      1%          3
d - Hailstorm             Conj/Ice       81%        3d16      3%          4
e - Summon Lightning Spi  Summ/Air       63%        N/A       3%          4
f - Yara's Violent Unrav  Hex/Tmut       31%        3d13      9%          5
g - Dispersal             Tloc           31%        N/A       43%         6
Your spell library was empty.

Dungeon Overview and Level Annotations

Branches:
Dungeon (15/15)            Temple (0/1) D:4            Lair (6/6) D:8
  Swamp (0/4) Lair:4       Spider (2/4) Lair:4        Slime (0/5) Lair:6
    Orc (1/2) D:11         Vaults (0/5) D:14         Bailey (visited)
  IceCv (1/1)             Gauntlet (visited)
 Depths: D:15

Altars:
Makhleb
Sif Muna
Jiyva

Shops:
D:2 =!   D:8 =   D:13 :

Annotations:
D:3 Ijyb
D:5 2 transporters, gimp's ghost, novice OgEn
D:9 1 runed translucent door
Lair:2 exclusion: 2 oklob plants IceCv exclusion: orange crystal statue


Innate Abilities, Weirdness & Mutations

You are immune to sickness and miasma.
You are immune to poison.
Your flesh is very heat resistant. (rF++)
You are vulnerable to cold. (rC-)
You float through the air rather than walking.
You learn spells naturally, not from books.
Your magical power is your life essence.
You have superior vitality. (+4 HP)


Message History

The frost giant freezes your lightning spire.
Casting: Searing Ray (safe; 1% risk of failure)
Confirm with . or Enter, or press ? or * to list all spells.
Restarting spell: Searing Ray (safe; 1% risk of failure)
Press: ? - help, Shift-Dir - straight line, f/p - frost giant
Aim: a frost giant, wielding a +2 battleaxe of freezing (severely wounded, ally target, 98% to hit)
You feel a surge of power!
The searing ray hits the frost giant.
The frost giant is severely wounded. (Press . to maintain the ray.)
The frost giant hits you with a +2 battleaxe of freezing!
* * * LOW HITPOINT WARNING * * *
The frost giant hits your lightning spire with a +2 battleaxe of freezing!!
The frost giant freezes your lightning spire.
Your lightning spire is destroyed!
Casting: Searing Ray (safe; 1% risk of failure)
Confirm with . or Enter, or press ? or * to list all spells.
The frost giant blinks!
* * * LOW HITPOINT WARNING * * *
The frost giant casts a spell at you. The bolt of cold misses you.
You feel better.
The frost giant points at you and mumbles some strange words.
The bolt of cold hits you! You resist.
* * * LOW HITPOINT WARNING * * *
The frost giant casts a spell at you. The bolt of cold hits you! You resist.
* * * LOW HITPOINT WARNING * * *
Casting: Dispersal (dangerous; 43% risk of failure)
Confirm with . or Enter, or press ? or * to list all spells.
You miscast Dispersal.
You are very lightly contaminated with residual magic.
Space twists in upon itself.
You are magically locked in place.
* * * LOW HITPOINT WARNING * * *
Casting: Dispersal (dangerous; 43% risk of failure)
Confirm with . or Enter, or press ? or * to list all spells.
You miscast Dispersal.
Space twists in upon itself.
You are magically locked in place.
* * * LOW HITPOINT WARNING * * *
The frost giant hits you with a +2 battleaxe of freezing!
You die...

##........# ####
#§.......## ######..#
#..##†....#...###
##..##....
#......##......###.......[.
##.....##.......#÷[.....[)∩
##...###....##....##...÷..
#8.###....#.##..#####....
##. #..C..#.#### ##..# ##
#..@.###.## ### ####
##...## ##.###.## #...##
###.##..# #..#.# ##.##.#..#
##.#.###...##...#
##..##.........#
#C##..###...[[# ## #....##
###.[.### #.# ##..##
##....##


You could see a frost giant.

Vanquished Creatures
  Gastronok (Orc:1)
  2 frost giants (IceCv)
  A minotaur (Gauntlet)
  Fannar (Orc:1)
  A boulder beetle (Lair:3)
  4 hydras
  7 vault guards (D:14)
  An ice dragon (IceCv)
  2 ironbound frosthearts (IceCv)
  2 centaur warriors (D:14)
  Erica (D:11)
  A tengu warrior (D:14)
  2 death yaks (Lair:3)
  A fire crab (Lair:6)
  A skeletal warrior (D:14)
  2 orc knights (Bailey)
  A wizard (D:13)
  A deep elf pyromancer (D:12)
  4 ugly things
  A phantasmal warrior (D:11)
  6 wolf spiders
  5 orb spiders (Spider:1)
  An oklob plant (Lair:3)
  3 manticores
  A cyclops (D:12)
  8 elephants
  Maurice (D:8)
  2 moths of wrath
  9 black mambas
  Joseph (D:10)
  A torpor snail (Lair:3)
  2 unseen horrors
  14 cane toads
  10 rime drakes
  2 freezing wraiths (D:11)
  Psyche (D:11)
  A kobold demonologist (D:11)
  11 komodo dragons
  A demonic crawler (Spider:1)
  A queen bee (Lair:2)
  A troll (D:11)
  7 jumping spiders
  4 hornets
  14 polar bears
  Prince Ribbit (D:6)
  4 dream sheep (Lair:6)
  3 raiju (Lair:6)
  16 blink frogs
  6 tarantellas
  A shadow (D:7)
  A water elemental (D:11)
  Eustachio (D:6)
  24 redbacks
  60 yaks
  2 humans (D:14)
  15 wyverns
  5 basilisks
  6 vampire mosquitoes
  A steam dragon (D:8)
  4 large abominations (D:13)
  5 wargs (Lair:6)
  An acid dragon (D:5)
  23 water moccasins
  12 hell hounds (Lair:6)
  20 orc warriors
  2 sky beasts
  11 black bears (Lair:6)
  4 necrophages
  23 wolves
  A phantom (D:5)
  15 centaurs
  A gnoll sergeant (D:7)
  12 bullfrogs
  46 killer bees
  5 howler monkeys
  7 electric eels
  3 jellies
  5 small abominations (D:13)
  4 centaur zombies
  3 hounds
  A centaur skeleton (D:5)
  7 orc priests
  6 iguanas
  15 orc wizards
  4 hell rats (Lair:1)
  3 killer bee zombies
  A howler monkey zombie (D:9)
  Robin (D:4)
  A howler monkey skeleton (D:6)
  7 gnolls
  4 adders
  A shadow imp (Gauntlet)
  3 white imps
  3 dart slugs
  67 orcs
  8 ball pythons
  8 bats
  6 endoplasms
  6 giant cockroaches
  13 goblins
  9 hobgoblins
  5 jackals
  3 quokkas
  5 kobolds
  2 rats
  A bush (Lair:6)
  A butterfly (Lair:3)
688 creatures vanquished.

Vanquished Creatures (collateral kills)
  A white draconian (IceCv)
  2 ice dragons (IceCv)
  A vault guard (D:14)
  A boulder beetle (D:11)
  A catoblepas (D:13)
  5 hydras
  An ironbound frostheart (IceCv)
  A centaur warrior (D:13)
  A death knight (D:11)
  An orc high priest (Orc:1)
  A tengu warrior (D:14)
  An orb spider (Spider:1)
  4 ugly things
  An orc sorcerer (Orc:1)
  5 wolf spiders
  A large abomination (D:13)
  A centaur zombie (D:11)
  5 cane toads
  3 rime drakes (IceCv)
  A demonic crawler (Spider:1)
  5 komodo dragons
  2 polar bears (IceCv)
  5 blink frogs
  4 redbacks
  A tarantella (Spider:1)
  2 wyverns (Lair:6)
  8 yaks
  2 humans (D:14)
  A warg (Lair:6)
  2 water moccasins (Lair:6)
  3 wolves
  2 centaurs (D:13)
  2 small abominations (D:13)
  2 killer bees (Lair:2)
  An orc wizard (D:13)
  An orc (Orc:1)
81 creatures vanquished.

Vanquished Creatures (others)
  52 fungi
  118 plants
170 creatures vanquished.

Grand Total: 939 creatures vanquished

Notes
Turn   | Place    | Note
-------+----------+-------------------------------------------
     0 | D:1      | freelancePsychic the Djinni Artificer began the quest for
                  | the Orb.
     0 | D:1      | Reached XP level 1. HP: 17/17 MP: 0/0
   362 | D:1      | Found a faded altar of an unknown god.
   366 | D:1      | Became a worshipper of Makhleb the Destroyer
   366 | D:1      | Reached * piety under Makhleb
   588 | D:1      | Reached skill level 2 in Fighting
   588 | D:1      | Reached XP level 2. HP: 20/23 MP: 0/0
  1359 | D:2      | Found Xaizono's Distillery.
  1534 | D:2      | Reached XP level 3. HP: 13/29 MP: 0/0
  1534 | D:2      | Learned a level 1 spell: Beastly Appendage
  1966 | D:2      | Found Edaet's Jewellery Boutique.
  2553 | D:3      | Reached skill level 1 in Short Blades
  2674 | D:3      | Reached XP level 4. HP: 30/34 MP: 0/0
  2818 | D:3      | Reached ** piety under Makhleb
  2939 | D:3      | Reached skill level 1 in Spellcasting
  3338 | D:3      | Reached skill level 3 in Fighting
  3402 | D:3      | Noticed Ijyb
  3451 | D:3      | Reached XP level 5. HP: 40/40 MP: 0/0
  3451 | D:3      | Learned a level 2 spell: Searing Ray
  3946 | D:4      | Found a staircase to the Ecumenical Temple.
  4395 | D:4      | Noticed Robin
  4401 | D:4      | Killed Robin
  4402 | D:4      | Reached XP level 6. HP: 46/46 MP: 0/0
  4722 | D:5      | Entered Level 5 of the Dungeon
  4773 | D:5      | Noticed a sky beast
  4825 | D:5      | Killed a sky beast
  4921 | D:5      | Found a transporter.
  4924 | D:5      | Noticed gimp's ghost (novice OgEn)
  4987 | D:5      | Reached XP level 7. HP: 32/50 MP: 0/0
  4987 | D:5      | Learned a level 3 spell: Conjure Flame
  5272 | D:5      | Found a transporter.
  5322 | D:5      | Reached skill level 5 in Spellcasting
  5354 | D:5      | Reached XP level 8. HP: 55/56 MP: 0/0
  5533 | D:5      | Reached *** piety under Makhleb
  5572 | D:5      | Reached skill level 4 in Fighting
  5807 | D:6      | Noticed Prince Ribbit
  6067 | D:6      | Noticed Eustachio
  6074 | D:6      | Killed Eustachio
  6075 | D:6      | Reached XP level 9. HP: 62/63 MP: 0/0
  6075 | D:6      | Learned a level 4 spell: Hailstorm
  6194 | D:6      | Reached skill level 5 in Fighting
  6222 | D:6      | Killed Prince Ribbit
  6223 | D:6      | Reached skill level 5 in Dodging
  6747 | D:7      | Identified a scroll of acquirement
  6747 | D:7      | Acquired a +1 helmet of see invisible
  6807 | D:7      | Identified the +3 falchion of Racaures {vorpal, Str+5}
  7036 | D:8      | Noticed Maurice
  7049 | D:8      | Killed Maurice
  7050 | D:8      | Reached skill level 6 in Fighting
  7050 | D:8      | Reached XP level 10. HP: 67/72 MP: 0/0
  7055 | D:8      | Found Sagitruf's Jewellery Shop.
  7099 | D:8      | Reached **** piety under Makhleb
  7108 | D:8      | Found a flagged portal.
  7114 | Bailey   | Entered a bailey
  7207 | Bailey   | Noticed an orc knight
  7207 | Bailey   | Noticed an orc knight
  7214 | Bailey   | HP: 2/73 [orc knight (34)]
  7232 | Bailey   | Killed an orc knight
  7233 | Bailey   | Reached skill level 7 in Fighting
  7249 | Bailey   | Killed an orc knight
  7316 | Bailey   | Noticed an orc knight
  7316 | Bailey   | Noticed an orc knight
  7390 | D:8      | Identified the +4 war axe of Qakob {vorpal, +Rage}
  7412 | D:8      | Reached ***** piety under Makhleb
  7584 | D:8      | Found a staircase to the Lair.
  7715 | D:9      | Reached XP level 11. HP: 77/79 MP: 0/0
  7715 | D:9      | Learned a level 4 spell: Summon Lightning Spire
  7918 | D:9      | Noticed a deep elf knight
  7918 | D:9      | Noticed a fire crab
  7919 | D:9      | Identified the +7 quarterstaff of Nemelex Xobeh's Envy
                  | {distort, rPois Str+2 Dex+2}
  8011 | Lair:1   | Entered Level 1 of the Lair of Beasts
  8121 | Lair:1   | Reached skill level 8 in Fighting
  8362 | Lair:1   | Noticed a five-headed hydra
  8369 | Lair:1   | Killed a five-headed hydra
  8370 | Lair:1   | Reached skill level 10 in Spellcasting
  8446 | Lair:1   | Reached XP level 12. HP: 12/88 MP: 0/0
  8612 | Lair:1   | Reached skill level 9 in Fighting
  9138 | Lair:1   | Reached skill level 10 in Dodging
  9211 | Lair:2   | Reached skill level 10 in Fighting
  9237 | Lair:2   | Reached ****** piety under Makhleb
  9302 | Lair:2   | Reached skill level 11 in Fighting
  9308 | Lair:2   | Reached XP level 13. HP: 70/99 MP: 0/0
  9308 | Lair:2   | Learned a level 5 spell: Yara's Violent Unravelling
 10389 | Lair:3   | Reached skill level 12 in Fighting
 10557 | Lair:3   | Noticed a boulder beetle
 10579 | Lair:3   | Killed a boulder beetle
 11215 | Lair:4   | Noticed a seven-headed hydra
 11227 | Lair:4   | Killed a seven-headed hydra
 11284 | Lair:4   | Found a gate leading to a gauntlet.
 11293 | Gauntlet | Entered a Gauntlet
 11293 | Gauntlet | Found a transporter.
 11300 | Gauntlet | Found a transporter.
 11302 | Gauntlet | Found a transporter.
 11313 | Gauntlet | Found a transporter.
 11316 | Gauntlet | Found a transporter.
 11324 | Gauntlet | Found a transporter.
 11343 | Gauntlet | Noticed a reaper
 11346 | Gauntlet | Found a transporter.
 11355 | Gauntlet | Noticed a reaper
 11356 | Gauntlet | Found a transporter.
 11367 | Gauntlet | Found a transporter.
 11386 | Gauntlet | Found a transporter.
 11400 | Gauntlet | Found a transporter.
 11400 | Gauntlet | Found a transporter.
 11446 | Gauntlet | Found a transporter.
 11552 | Gauntlet | Identified the +0 helmet "Cuorit" {rElec Will- Dex+2}
 11605 | Gauntlet | Noticed a minotaur
 11616 | Gauntlet | Killed a minotaur
 11657 | Lair:4   | You are sucked into a shaft and drop 2 floors!
 11657 | Lair:6   | Entered Level 6 of the Lair of Beasts
 11674 | Lair:6   | Noticed a seven-headed hydra
 11687 | Lair:6   | Killed a seven-headed hydra
 11978 | Lair:4   | Reached skill level 13 in Fighting
 11978 | Lair:4   | Reached XP level 14. HP: 76/110 MP: 0/0
 12130 | Lair:4   | Found a hole to the Spider Nest.
 12266 | Lair:4   | Found a staircase to the Swamp.
 13887 | Lair:6   | Reached skill level 14 in Fighting
 14207 | Lair:6   | Found a viscous altar of Jiyva.
 14207 | Lair:6   | Found a staircase to the Slime Pits.
 14478 | Lair:6   | Reached XP level 15. HP: 112/118 MP: 0/0
 14478 | Lair:6   | Learned a level 6 spell: Dispersal
 14819 | Lair:6   | Reached skill level 15 in Fighting
 16021 | D:9      | Noticed a stone giant
 16022 | D:9      | Found a runed translucent door.
 16024 | D:9      | Identified the +6 scale mail "Kaczy" {Harm +Blink Str-5
                  | Int+3}
 16047 | D:10     | Entered Level 10 of the Dungeon
 16075 | D:10     | Reached skill level 1 in Shields
 16258 | D:10     | Noticed Joseph
 16288 | D:10     | Killed Joseph
 16655 | D:11     | Noticed Psyche
 16661 | D:11     | Killed Psyche
 16907 | D:11     | Noticed Erica
 16914 | D:11     | Killed Erica
 17447 | D:11     | Found a staircase to the Orcish Mines.
 17461 | Orc:1    | Entered Level 1 of the Orcish Mines
 17461 | Orc:1    | Noticed Fannar
 17649 | D:2      | Bought a ring of protection from cold for 275 gold pieces
 17844 | Orc:1    | Noticed Gastronok
 17853 | Orc:1    | Killed Fannar
 17858 | Orc:1    | Killed Gastronok
 19102 | D:13     | Found Tisusheocy's Book Boutique.
 19259 | D:13     | Identified the ring "Plog" {rF+ Int+5 Dex+3}
 19731 | D:14     | Reached XP level 16. HP: 94/128 MP: 0/0
 19902 | D:14     | Reached skill level 16 in Fighting
 19981 | D:14     | Found a gate to the Vaults.
 20059 | D:14     | Reached skill level 5 in Shields
 20324 | D:15     | Entered Level 15 of the Dungeon
 20937 | Spider:1 | Entered Level 1 of the Spider Nest
 21863 | Spider:2 | Found a frozen archway.
 21870 | IceCv    | Entered an ice cave
 22208 | IceCv    | Noticed a frost giant
 22208 | IceCv    | Noticed a frost giant
 22208 | IceCv    | Noticed a frost giant
 22266 | IceCv    | Killed a frost giant
 22368 | IceCv    | Killed a frost giant
 22657 | IceCv    | Mangled by a frost giant

Illustrated notes

Levels and vault maps discovered:
D:1:      mrwooster_arrival_statue_3, layout_basic,
          hellmonk_ecumenical_altar_heavens_door
D:2:      layout_basic, serial_shops, nicolae_shop_stone,
          nicolae_shop_waterfront
D:3:      layout_loops_corners, chequers_serial_rivers_room_b, uniq_ijyb
D:4:      wad_river_or_something, layout_loops_ring, temple_statues, uniq_robin
D:5:      minmay_bubble_buster, layout_basic, led_sif_pool,
          gammafunk_ghost_mausoleum
D:6:      layout_loops_ring, grunt_ministairs_5, uniq_eustachio,
          uniq_prince_ribbit1
D:7:      layout_basic
D:8:      layout_rooms, lair_entry_dummy, enter_bailey_3, serial_shops,
          nicolae_diamond_shop, chequers_serial_rivers_small_3,
          hangedman_decor_clover_reticule, kennysheep_opposing_triangles,
          uniq_maurice
D:9:      minmay_gate_of_8, layout_loops_ring, serial_bayou,
          serial_bayou_pond_b, serial_bayou_pond_a, serial_bayou_shore_a,
          serial_bayou_crossing, serial_bayou_lagoon_a
D:10:     layout_rooms, hangedman_decor_diamond_cutter,
          ebering_dispersal_statue_hall, minivault_5, uniq_joseph
D:11:     layout_long_grid, erik_orc_2, uniq_psyche, uniq_erica
D:12:     layout_basic
D:13:     layout_loops_corners, serial_shops, nicolae_shop_statue_plus,
          laboratory
D:14:     layout_roguey, ximxim_vaults_locker_room, serial_bayou_pond_d
D:15:     grunt_enter_depths_snipers, layout_long_grid,
          nemelex_spade_bored_becter, uniq_azrael
Lair:1:   layout_regular_city, chequers_serial_rivers_small_3,
          beast_lair_carwin_1
Lair:2:   regret_index_harrowing_hell_hive, layout_small_grid
Lair:3:   layout_loops_ring, lemuel_fruit_fields, wad_woods_river_01,
          infiniplex_staircase_pool_2, lemuel_fruit_tree,
          minmay_lair_oklob_chamber, lemuel_fruit_fields
Lair:4:   layout_big_grid, minmay_swamp_entry_swarm,
          spider_nest_entry_funnel_web, gauntlet_entry_generic
Lair:5:   layout_regular_city, nicolae_lair_grove_arrangements
Lair:6:   hangedman_lair_tendril_chambers, layout_regular_city,
          hangedman_lair_caniforms_friends, dpeg_slime_entry_enclosed_altar,
          lookout_lair_type
Spider:1: layout_spider_delve, drop_trap
Spider:2: layout_chambers, portal_ice_cave_entry_pillars_four,
          nicolae_spider_altar_of_dancing, hangedman_spider_tarantella_strand,
          nicolae_spider_cling_halls, uniq_louise, uniq_aizul
Orc:1:    layout_diamond_mine, lightli_church_of_beogh, uniq_fannar,
          uniq_gastronok, uniq_jorgrun
IceCv:    ice_cave_small_giant

Skill      XL: |  1  2  3  4  5  6  7  8  9 10 11 12 13 14 15 16 |
---------------+-------------------------------------------------+-----
Fighting       | 2 3 4 6 7 8 11 13 14 15 16 | 16.5
Short Blades   | 1 |  1.9
Spellcasting   | 1 2 4 5 6 7 9 10 11 12 13 14 | 14.0
Dodging        | 4 6 7 9 10 11 12 | 12.7
Armour         | 2 4 |  4.2
Shields        | 4 6 |  6.9
Stealth        | |  0.8
Evocations     | |  3.0

Action                   |  1- 3 |  4- 6 |  7- 9 | 10-12 | 13-15 | 16-18 || total
-------------------------+-------+-------+-------+-------+-------+-------++-------
Melee: Club              |    46 |       |       |       |       |       ||    46
       Dagger            |    63 |    51 |       |       |       |       ||   114
       Whip              |    17 |       |       |       |       |       ||    17
       Staff             |       |       |     1 |     1 |     2 |     7 ||    11
 Cast: Searing Ray       |       |    20 |    49 |    66 |   152 |    50 ||   337
       Hailstorm         |       |       |    20 |    89 |   370 |   117 ||   596
       Summon Lightning  |       |       |       |    10 |    48 |    31 ||    89
       Dispersal         |       |       |       |       |    27 |    17 ||    44
       Yara's Violent Un |       |       |       |       |     6 |       ||     6
Invok: Minor Destruction |       |       |       |       |       |     1 ||     1
Evoke: Wand              |     3 |     3 |       |       |       |    14 ||    20
       Condenser vane    |       |       |       |       |       |     1 ||     1
  Use: Scroll            |       |     1 |     7 |     3 |    19 |     7 ||    37
       Potion            |       |       |       |       |     4 |    13 ||    17
 Stab: Sleeping          |     3 |     1 |       |       |       |       ||     4
Armor: Leather armour    |    54 |    18 |    10 |    29 |    89 |    39 ||   239
       Ice dragon scales |       |       |       |       |       |    27 ||    27
       Skin              |       |       |       |       |       |     1 ||     1
Dodge: Dodged            |    96 |    42 |    60 |   213 |   464 |   176 ||  1051
Block: Kite shield       |       |       |       |       |     4 |   132 ||   136
